 Dungeon Crawl Stone Soup version 0.19-a0-1886-gd64a0f0 (webtiles) character file.

10108 stigmas the Carver (level 11, -2/83 HPs)
             Began as a Vampire Gladiator on Oct 15, 2016.
             Was a Priest of Kikubaaqudgha.
             Slain by a porcupine (7 damage)
             ... on level 1 of the Lair of Beasts on Oct 16, 2016.
             The game lasted 00:36:07 (9738 turns).

stigmas the Carver (Vampire Gladiator)              Turns: 9738, Time: 00:36:13

Health: -2/83      AC: 16    Str: 22    XL:     11   Next: 31%
Magic:  17/17      EV:  9    Int: 11    God:    Kikubaaqudgha [***...]
Gold:   361        SH:  3    Dex: 15    Spells: 1 memorised, 15 levels left

rFire  . . .     SeeInvis +     f - +0 scimitar (flame)
rCold  + . .     Gourm    .     N - +0 plate armour
rNeg   . . .     Faith    .     (no shield)
rPois  .         Spirit   .     c - +0 helmet
rElec  .         Dismiss  .     q - +0 cloak
rCorr  .         Reflect  +     J - +0 pair of gloves
MR     +....     Harm     .     (no boots)
Stlth  ..........               s - +3 amulet of reflection
                                u - +5 ring of strength
                                P - ring of protection from cold

@: regenerating quickly
A: fangs 3, see invisible, unbreathing
a: Receive Corpses, Renounce Religion


You were on level 1 of the Lair of Beasts.
You worshipped Kikubaaqudgha.
Kikubaaqudgha was most pleased with you.
You were full.

You visited 2 branches of the dungeon, and saw 11 of its levels.
You also visited: Sewer.

You collected 556 gold pieces.
You spent 195 gold pieces at shops.

Inventory:

Hand Weapons
 a - a +1 long sword
 f - a +0 scimitar of flaming (weapon)
 B - the +2 long sword of Temperance {antimagic, Int+3 Stlth+}
   (You found it on level 6 of the Dungeon)

   It reduces the magical energy of the wielder, and disrupts the spells and
   magical abilities of those hit.
   Natural abilities and divine invocations are not affected.
   It affects your intelligence (+3).
   It makes you more stealthy.
Missiles
 d - 5 throwing nets (quivered)
Armour
 c - a +0 helmet (worn)
 q - a +0 cloak (worn)
 A - a +3 ring mail
 J - a +0 pair of gloves (worn)
 N - a +0 plate armour (worn)
Jewellery
 s - a +3 amulet of reflection (around neck)
 u - a +5 ring of strength (right hand)
 y - the ring of Xesy Gel {Ice Str+3 Dex+5}
   (You found it on level 5 of the Dungeon)

   [ring of ice]

   It enhances your ice magic.
   It affects your strength (+3).
   It affects your dexterity (+5).
   It makes you vulnerable to fire.
   It protects you from cold.
 E - an uncursed ring of resist corrosion
 P - a ring of protection from cold (left hand)
Wands
 F - a wand of paralysis (3/24)
 H - a wand of hasting (3/9)
 O - a wand of lightning (8/15)
 R - a wand of teleportation (1/9)
Scrolls
 g - a scroll of blinking
 i - 4 scrolls of magic mapping
 k - a scroll of fog
 l - 5 scrolls of noise
 v - a scroll of fear
 x - 2 scrolls of amnesia
 C - a scroll of silence
 G - 3 scrolls of remove curse
 K - 2 scrolls of enchant weapon
 M - a scroll of teleportation
 S - a scroll of identify
 T - a scroll of recharging {unknown}
Potions
 b - 3 potions of agility
 h - a potion of curing
 j - 2 potions of flight
 m - a potion of cure mutation
 n - 3 potions of cancellation
 o - a potion of lignification
 r - a potion of degeneration
 t - a potion of might {unknown}
 z - 2 potions of haste
 I - a potion of mutation {unknown}
 L - a potion of heal wounds
Books
 e - Kikubaaqudgha's Guide on Dark Magic
   (Kikubaaqudgha gifted it to you on level 9 of the Dungeon)

   Spells                             Type                      Level
   a - Animate Dead                   Necromancy                   4
   b - Excruciating Wounds            Charms/Necromancy            5
   c - Bolt of Draining               Conjuration/Necromancy       5
   d - Cigotuvi's Embrace             Necromancy                   5
   e - Dispel Undead                  Necromancy                   5
 p - Kikubaaqudgha's Papyrus of Evil Secrets
   (Kikubaaqudgha gifted it to you on level 6 of the Dungeon)

   Spells                             Type                      Level
   a - Animate Skeleton               Necromancy                   1
   b - Corpse Rot                     Necromancy                   2
   c - Sublimation of Blood           Necromancy                   2
   d - Regeneration                   Charms/Necromancy            3
   e - Control Undead                 Necromancy                   4
 w - a book of Maledictions

   Spells                             Type                      Level
   a - Corona                         Hexes                        1
   b - Ensorcelled Hibernation        Hexes/Ice                    2
   c - Confuse                        Hexes                        3
   d - Tukima's Dance                 Hexes                        3
   e - Dazzling Spray                 Conjuration/Hexes            3
 Q - a book of Cantrips

   Spells                             Type                      Level
   a - Confusing Touch                Hexes                        1
   b - Animate Skeleton               Necromancy                   1
   c - Summon Small Mammal            Summoning                    1
   d - Apportation                    Translocation                1


   Skills:
 * Level 6.5 Fighting
 * Level 12.1 Long Blades
 - Level 1.5 Throwing
 * Level 6.6 Armour
 + Level 5.7 Dodging
 * Level 4.0 Spellcasting
 * Level 1.9 Charms
 * Level 5.1 Necromancy


You had 15 spell levels left.
You knew the following spells:

 Your Spells              Type           Power        Failure   Level  Hunger
a - Regeneration          Chrm/Necr      #.........   100%        3    ###....


Dungeon Overview and Level Annotations

Branches:
Dungeon (10/15)            Temple (0/1) D:7            Lair (1/6) D:9
    Orc: D:9-12

Altars:
Kikubaaqudgha
Makhleb
Xom

Shops:
D:9 }


Innate Abilities, Weirdness & Mutations

Your natural rate of healing is unusually fast.
You have razor-sharp teeth.
You have supernaturally acute eyesight. (SInv)
You can survive without breathing.


Message History

Your plate armour prevents you from hitting the porcupine.
The porcupine is moderately wounded.
The porcupine barely misses you.
The porcupine bites you but does no damage.
You are struck by the porcupine's spines.
You barely miss the porcupine.
The porcupine is moderately wounded.
The porcupine completely misses you. The porcupine bites you.
* * * LOW HITPOINT WARNING * * *
Unknown command.
You barely miss the porcupine.
The porcupine is almost dead.
You are struck by the porcupine's spines.
* * * LOW HITPOINT WARNING * * *
You hit the porcupine. You burn the porcupine. Your bite misses the porcupine.
The porcupine is severely wounded.
The porcupine bites you!
You die...
Kikubaaqudgha rasps: "You have failed me!
Welcome... oblivion!"

.......... ...
................ ...
.............. ....
............. .....
...........##....#
....%.....P...... #.P
###......# ..
##.####.##r#...#
....##........r@#...#.
..............##.#.....
.....###.#..####.....####
#....###รท#.##.##.........
............%....##..$#.#
...................[.....
.........................
.........................
.........................


You could see 2 porcupines.

Vanquished Creatures
  Erica (D:8)
  The ghost of dolemite99 the Cleaver, a novice HOMo of Beogh (D:7)
  An unseen horror (D:9)
  Maurice (D:8)
  Psyche (D:8)
  2 spiny frogs (Lair:1)
  A queen bee (D:9)
  Prince Ribbit (D:7)
  2 hippogriffs (D:8)
  A vampire (D:6)
  A yak (Lair:1)
  A basilisk (Lair:1)
  4 hungry ghosts
  4 porcupines (Lair:1)
  A water moccasin (Lair:1)
  2 phantoms
  A sky beast (D:10)
  2 orc warriors
  Purgy (Sewer)
  An ice beast (D:5)
  5 ogres
  4 wolves (Lair:1)
  A crocodile (Lair:1)
  Blork the orc (D:4)
  7 bullfrogs
  A gnoll sergeant (D:5)
  4 scorpions
  A wyvern skeleton (D:10)
  26 killer bees (D:9)
  4 howler monkeys
  4 wights
  A crimson imp (D:6)
  A jelly (D:8)
  A centaur zombie (D:5)
  4 hounds
  A bullfrog skeleton (D:4)
  2 orc priests (D:7)
  A centaur skeleton (D:5)
  An iguana (D:9)
  10 orc wizards
  11 worker ants
  A killer bee zombie (D:5)
  2 hound zombies
  A hound skeleton (D:4)
  9 adders
  4 gnolls (D:5)
  2 shadow imps
  2 oozes
  3 adder zombies (D:5)
  3 adder skeletons
  2 worms
  4 dart slugs
  5 leopard geckos
  30 orcs
  6 giant cockroaches
  8 goblins
  3 hobgoblins
  12 jackals
  8 kobolds
  3 quokkas
  A ball python (D:1)
  12 bats
  6 frilled lizards
  A giant cockroach zombie (D:5)
  A jackal skeleton (D:5)
  A leopard gecko skeleton (D:5)
  2 quokka skeletons (D:4)
  A quokka zombie (D:9)
  6 rats
260 creatures vanquished.

Notes
Turn   | Place    | Note
-------+----------+-------------------------------------------
     0 | D:1      | stigmas the Vampire Gladiator began the quest for the Orb.
     0 | D:1      | Reached XP level 1. HP: 16/16 MP: 1/1
   231 | D:1      | Reached XP level 2. HP: 20/22 MP: 2/2
  1027 | D:2      | Reached XP level 3. HP: 27/27 MP: 3/3
  1235 | D:2      | Reached skill level 4 in Long Blades
  1412 | D:2      | Reached skill level 1 in Armour
  1565 | D:2      | Reached XP level 4. HP: 33/33 MP: 4/4
  2489 | D:4      | Noticed Blork the orc
  2512 | D:4      | Reached XP level 5. HP: 22/39 MP: 5/5
  2542 | D:4      | Killed Blork the orc
  2542 | D:4      | Reached skill level 5 in Long Blades
  2862 | D:4      | Reached XP level 6. HP: 41/46 MP: 6/6
  3166 | D:5      | Entered Level 5 of the Dungeon
  3182 | D:5      | Reached skill level 6 in Long Blades
  3198 | D:5      | Got a flickering golden ring
  3199 | D:5      | Identified the ring of Xesy Gel {Ice Str+3 Dex+5} (You found it on level 5 of the Dungeon)
  3373 | D:5      | Reached XP level 7. HP: 52/52 MP: 7/7
  3532 | D:5      | Reached skill level 7 in Long Blades
  3533 | D:5      | Found an ancient bone altar of Kikubaaqudgha.
  3542 | D:5      | Became a worshipper of Kikubaaqudgha
  3753 | D:5      | Reached XP level 8. HP: 53/60 MP: 8/8
  3985 | D:6      | Got a translucent long sword
  3986 | D:6      | Identified the +2 long sword of Temperance {antimagic, Int+3 Stlth+} (You found it on level 6 of the Dungeon)
  4228 | D:6      | Found a glowing drain.
  4243 | Sewer    | Entered a sewer
  4381 | Sewer    | Noticed Purgy
  4385 | Sewer    | Killed Purgy
  4385 | Sewer    | Reached skill level 8 in Long Blades
  4497 | D:6      | Reached * piety under Kikubaaqudgha
  4497 | D:6      | Identified Kikubaaqudgha's Papyrus of Evil Secrets (Kikubaaqudgha gifted it to you on level 6 of the Dungeon)
  4497 | D:6      | Received a gift from Kikubaaqudgha
  5005 | D:7      | Noticed Prince Ribbit
  5302 | D:7      | Found a staircase to the Ecumenical Temple.
  5378 | D:7      | Reached skill level 1 in Spellcasting
  5513 | D:7      | Killed Prince Ribbit
  5513 | D:7      | Reached skill level 9 in Long Blades
  5513 | D:7      | Reached skill level 1 in Necromancy
  5513 | D:7      | Reached XP level 9. HP: 24/67 MP: 3/11
  5780 | D:7      | Found a shimmering altar of Xom.
  5814 | D:7      | Noticed dolemite99's ghost (novice HOMo)
  5861 | D:6      | Reached skill level 5 in Fighting
  6104 | D:7      | Killed dolemite99's ghost
  6104 | D:7      | Reached skill level 5 in Dodging
  6879 | D:8      | Reached skill level 5 in Armour
  7048 | D:8      | Reached skill level 10 in Long Blades
  7097 | D:8      | Noticed Erica
  7387 | D:8      | Reached ** piety under Kikubaaqudgha
  7434 | D:8      | Killed Erica
  7434 | D:8      | Reached XP level 10. HP: 50/75 MP: 4/14
  7484 | D:8      | Noticed Maurice
  7558 | D:8      | Killed Maurice
  7601 | D:8      | Noticed Psyche
  7608 | D:8      | Killed Psyche
  7803 | D:8      | Found a burning altar of Makhleb.
  7805 | D:8      | Noticed a green death
  8063 | D:9      | Found a staircase to the Lair.
  8095 | D:9      | Noticed an unseen horror
  8128 | D:9      | Killed an unseen horror
  8128 | D:9      | Reached skill level 11 in Long Blades
  8219 | D:9      | Learned a level 3 spell: Regeneration
  8258 | D:9      | Found Woititz's Gadget Shoppe.
  8269 | D:9      | Bought a wand of teleportation (1/9) for 195 gold pieces
  8436 | D:9      | Reached *** piety under Kikubaaqudgha
  8436 | D:9      | Identified Kikubaaqudgha's Guide on Dark Magic (Kikubaaqudgha gifted it to you on level 9 of the Dungeon)
  8436 | D:9      | Received a gift from Kikubaaqudgha
  8438 | D:9      | Reached skill level 1 in Charms
  8468 | D:9      | Reached XP level 11. HP: 41/81 MP: 16/16
  8855 | D:10     | Entered Level 10 of the Dungeon
  9180 | Lair:1   | Entered Level 1 of the Lair of Beasts
  9504 | Lair:1   | Reached skill level 5 in Necromancy
  9526 | Lair:1   | Reached skill level 12 in Long Blades
  9738 | Lair:1   | HP: 4/83 [porcupine's spines (17)]
  9738 | Lair:1   | Slain by a porcupine

Vault maps used:
D:1:      dpeg_arrival_circle_labyrinth_c
D:2:      kennysheep_decorative_pillar, bh_walls_and_bars
D:3:      first_bread
D:4:      kennysheep_another_room, abandoned_shop, uniq_blork_the_orc
D:5:      serial_undead, serial_undead_c, serial_undead_f, serial_undead_e,
          serial_undead_a, basic_altar
D:6:      portal_sewer_entry_d
D:7:      basic_altar, grunt_ogre_cave, uniq_prince_ribbit1
D:8:      makhleb_altar_promises_db, uniq_erica, uniq_maurice, uniq_psyche
D:9:      dpeg_lair_monsters, serial_shops, nicolae_shop_waterfront
D:10:     david_orc_5
Lair:1:   beast_lair_carwin_5
Sewer:    kennysheep_door_sewer

Skill      XL: |  1  2  3  4  5  6  7  8  9 10 11 |
---------------+----------------------------------+-----
Fighting       | 2 3 4 5 6 |  6.5
Long Blades    | 4 5 6 7 9 10 11 12 | 12.1
Armour         | 1 2 3 4 5 6 |  6.6
Dodging        | 4 5 |  5.7
Spellcasting   | 1 2 3 4 |  4.0
Necromancy     | 1 3 4 5 |  5.1
Charms         | 1 |  1.9
Throwing       | |  1.5

Action                   |  1- 3 |  4- 6 |  7- 9 | 10-12 || total
-------------------------+-------+-------+-------+-------++-------
Melee: Long sword        |    79 |   223 |   382 |       ||   684
       Bite              |     8 |    36 |    78 |    38 ||   160
       Scimitar          |       |       |       |   331 ||   331
  Use: Scroll            |     3 |     1 |    11 |     6 ||    21
       Potion            |       |     5 |     5 |     5 ||    15
 Stab: Sleeping          |       |       |     4 |       ||     4
       Invisible         |       |       |       |     2 ||     2
  Eat: Corpse            |     3 |    12 |    18 |    12 ||    45
Armor: Leather armour    |    24 |       |       |       ||    24
       Chain mail        |    15 |   110 |       |       ||   125
       Skin              |       |    29 |       |     6 ||    35
       Ring mail         |       |     6 |   116 |    16 ||   138
       Plate armour      |       |       |       |   169 ||   169
Dodge: Dodged            |    58 |   108 |   262 |   158 ||   586
Block: Other             |       |    21 |    46 |    42 ||   109
       Reflection        |       |       |     1 |       ||     1
       Rpst.: Long sword |    18 |    36 |    81 |       ||   135
       Scimitar          |       |       |       |    44 ||    44
